 Dungeon Crawl Stone Soup version 0.27-a0-1123-g2f9bb313c0 (webtiles) character file.

Game seed: 4180294097001839873

1371 karrick the Twirler (level 8, -4/59 HPs)
             Began as a Djinni Gladiator on May 4, 2021.
             Was a Believer of Okawaru.
             Slain by a wight
             ... wielding a +2 mace of freezing
              (8 damage)
             ... on level 7 of the Dungeon.
             The game lasted 00:09:50 (7611 turns).

karrick the Twirler (Djinni Gladiator)              Turns: 7611, Time: 00:09:51

Health: -4/59      AC:  5    Str: 14    XL:     8   Next: 65%
Gold:   321        EV: 14    Int: 11    God:    Okawaru [**....] SH:  0 Dex: 15

rFire    + + .     SeeInvis .   a - +0 quarterstaff
rCold    x . .     Faith    .   (shield currently unavailable)
rNeg     . . .     Spirit   .   b - +1 robe "Ufeaphan" {+Inv Regen+}
rPois    ∞         Reflect  .   c - +0 helmet
rElec    .         Harm     .   x - +0 cloak
rCorr    +         Rampage  .   (no gloves)
Will     .....                  (boots unavailable)
Stlth    ++........             (no amulet)
HPRegen  1.19/turn              n - ring of resist corrosion
MPRegen  0.00/turn              (no ring)

@: flying
A: fire resistance 2, cold vulnerability 1, float, innate caster, hp casting,
extra vitality 1
a: Renounce Religion, Evoke Invisibility, Heroism


You were on level 7 of the Dungeon.
You worshipped Okawaru.
Okawaru was pleased with you.
You visited 2 branches of the dungeon, and saw 8 of its levels.

You collected 321 gold pieces.

Inventory:

Hand Weapons
 a - a +0 quarterstaff (weapon)
 r - a +1 antimagic hand axe
Missiles
 d - 3 throwing nets (quivered)
 E - 3 silver boomerangs
 H - a curare-tipped dart
Armour
 b - the +1 robe "Ufeaphan" (worn) {+Inv Regen+}
   (You found it on level 6 of the Dungeon)

   It lets you turn invisible.
   It increases your rate of health regeneration.
 c - a +0 helmet (worn)
 x - a +0 cloak (worn)
 C - a +2 leather armour of cold resistance
Jewellery
 n - a ring of resist corrosion (left hand)
Wands
 t - a wand of mindburst (11)
 F - a wand of polymorph (8)
 I - a wand of charming (11)
Scrolls
 e - a scroll of immolation {unknown}
 f - 7 scrolls of teleportation
 h - 2 scrolls of acquirement {unknown}
 i - 3 scrolls of magic mapping {unknown}
 l - 2 scrolls of enchant weapon {unknown}
 m - 7 scrolls of identify {unknown}
 p - a scroll of fog {unknown}
 q - 2 scrolls of noise {unknown}
 v - 3 scrolls of enchant armour {unknown}
 y - a scroll of blinking {unknown}
Potions
 g - 2 potions of degeneration {unknown}
 j - 2 potions of attraction {unknown}
 k - 2 potions of might {unknown}
 o - a potion of curing
 s - a potion of cancellation {unknown}
 u - a potion of berserk rage {unknown}
 w - a potion of magic {unknown}
 z - a potion of flight {unknown}
 A - 2 potions of brilliance {unknown}
 B - a potion of heal wounds {unknown}
 D - a potion of invisibility {unknown}
 G - a potion of resistance {unknown}


   Skills:
 + Level 5.1 Fighting
 + Level 7.0 Staves
 + Level 1.7 Throwing
 + Level 3.3 Armour
 + Level 5.4 Dodging
 + Level 1.4 Stealth


You had one spell level left.
You knew the following spells:

 Your Spells              Type           Power      Damage    Failure   Level
a - Pain                  Necr           0%         1d4       34%         1
b - Blink                 Tloc           N/A        N/A       47%         2
c - Portal Projectile     Hex/Tloc       0%         N/A       71%         3
Your spell library was empty.

Dungeon Overview and Level Annotations

Branches:
Dungeon (7/15)             Temple (1/1) D:4

Altars:
Ashenzari
Cheibriados
Dithmenos
Elyvilon
Fedhas
Gozag
Hepliaklqana
Kikubaaqudgha
Makhleb
Nemelex Xobeh
Okawaru
Sif Muna
Trog
Vehumet
Wu Jian
Xom
Yredelemnul
Zin
The Shining One


Innate Abilities, Weirdness & Mutations

You are immune to poison.
Your flesh is very heat resistant. (rF++)
You are vulnerable to cold. (rC-)
You float through the air rather than walking.
You learn spells naturally, not from books.
Your magical power is your life essence.
You have superior vitality. (+4 HP)


Message History

You closely miss the wight.
The wight is severely damaged.
The wight hits you with a +2 mace of freezing.
The wight freezes you.
You closely miss the wight.
The wight is severely damaged.
The wight hits you with a +2 mace of freezing.
The wight freezes you.
You hit the wight.
The wight is almost destroyed.
The wight barely misses you.
You hit the wight but do no damage.
The wight is almost destroyed.
The wight hits you with a +2 mace of freezing!
* * * LOW HITPOINT WARNING * * *
The wight freezes you!
* * * LOW HITPOINT WARNING * * *
Items here: )) [[.
You hit the wight but do no damage.
The wight is almost destroyed.
The wight hits you with a +2 mace of freezing!
* * * LOW HITPOINT WARNING * * *
The wight freezes you!
* * * LOW HITPOINT WARNING * * *
An orc priest comes into view. It is wielding a +0 whip.
You hit the wight but do no damage.
The wight is almost destroyed.
The orc priest mumbles some strange prayers to Beogh against you.
Beogh smites you!
* * * LOW HITPOINT WARNING * * *
The wight barely misses you.
The orc shouts!
You hit the wight but do no damage.
The wight is almost destroyed.
The wight closely misses you.
An orc priest comes into view. It is wielding a +2 antimagic flail.
You closely miss the wight.
The wight is almost destroyed.
The wight hits you with a +2 mace of freezing!
You die...

##..## ###.##
##)## ##.##
#..## . ##..#
... ###..#
.....####...##
#####
.......@z.###
....##
.......####
.....##
.....##
......###..o.
)...........
))####. oo ..#
. .## .#


You could see a wight, 2 orc priests and an orc.

Vanquished Creatures
  An ice beast (D:6)
  2 necrophages
  A kobold brigand (D:6)
  4 scorpions
  A water moccasin zombie (D:5)
  A wight (D:7)
  A bullfrog zombie (D:7)
  3 hounds
  3 jellies
  4 orc priests
  2 centaur skeletons
  2 iguanas
  A scorpion zombie (D:5)
  2 orc wizards
  A mummy (D:4)
  5 adders
  2 white imps (D:6)
  An ufetubus (D:5)
  A worm (D:2)
  A dart slug (D:2)
  21 orcs
  6 ball pythons
  8 bats
  7 endoplasms
  4 giant cockroaches
  4 goblins
  6 hobgoblins
  2 jackals (D:4)
  9 kobolds
  4 frilled lizards
  2 kobold zombies (D:4)
  2 orc zombies (D:4)
  6 rats
120 creatures vanquished.

Notes
Turn   | Place    | Note
-------+----------+-------------------------------------------
     0 | D:1      | karrick the Djinni Gladiator began the quest for the Orb.
     0 | D:1      | Reached XP level 1. HP: 18/18 MP: 0/0
   117 | D:1      | Reached XP level 2. HP: 23/23 MP: 0/0
   200 | D:1      | Reached skill level 3 in Staves
   749 | D:1      | Reached XP level 3. HP: 26/28 MP: 0/0
   749 | D:1      | Learned a level 1 spell: Pain
  1253 | D:2      | Found a faded altar of an unknown god.
  1617 | D:2      | Reached XP level 4. HP: 29/33 MP: 0/0
  2349 | D:4      | Reached skill level 4 in Staves
  2365 | D:4      | Reached skill level 1 in Armour
  2365 | D:4      | Reached XP level 5. HP: 29/39 MP: 0/0
  2365 | D:4      | Learned a level 2 spell: Blink
  2443 | D:4      | Found a staircase to the Ecumenical Temple.
  2456 | Temple   | Entered the Ecumenical Temple
  2736 | Temple   | Became a worshipper of Warmaster Okawaru
  3122 | D:4      | Found a sparkling altar of Nemelex Xobeh.
  3123 | D:4      | Found an opulent altar of Gozag.
  3161 | D:4      | Reached XP level 6. HP: 19/45 MP: 0/0
  3729 | D:4      | Found a broken altar of Ashenzari.
  3730 | D:4      | Noticed a necrophage
  3746 | D:4      | Killed a necrophage
  3746 | D:4      | Reached * piety under Okawaru
  3747 | D:4      | Reached skill level 5 in Staves
  3833 | D:4      | Found an ornate altar of the Wu Jian Council.
  4001 | D:4      | Reached skill level 1 in Stealth
  4001 | D:4      | Reached XP level 7. HP: 38/50 MP: 0/0
  4001 | D:4      | Learned a level 3 spell: Portal Projectile
  4749 | D:5      | Entered Level 5 of the Dungeon
  5282 | D:5      | Found a bloodstained altar of Trog.
  5572 | D:5      | Noticed a shadow
  5573 | D:5      | Found a shadowy altar of Dithmenos.
  5574 | D:5      | Found a hazy altar of Hepliaklqana.
  5613 | D:5      | Reached ** piety under Okawaru
  5842 | D:6      | Reached skill level 6 in Staves
  5926 | D:6      | Reached skill level 5 in Dodging
  5926 | D:6      | Reached XP level 8. HP: 51/58 MP: 0/0
  6099 | D:6      | Identified the +1 robe "Ufeaphan" {+Inv Regen+}
  6576 | D:6      | Found a blossoming altar of Fedhas.
  7168 | D:7      | Reached skill level 7 in Staves
  7526 | D:7      | Reached skill level 5 in Fighting
  7586 | D:7      | HP: 2/59 [wight/+2 mace of freezing (7)]
  7601 | D:7      | HP: 1/59 [wight/+2 mace of freezing (7)]
  7609 | D:7      | HP: 2/59 [orc priest/divine providence (9)]
  7611 | D:7      | Slain by a wight

Illustrated notes

Levels and vault maps discovered:
D:1:      grunt_arrival_crossed_arrows, layout_loops_ring, minmay_tetromino_i2
D:2:      layout_loops_ring, hellmonk_ecumenical_altar_arch_garden
D:3:      layout_rooms
D:4:      minmay_skewed_foursquare, layout_basic,
          grunt_temple_overflow_opulence, grunt_temple_overflow_open,
          minmay_temple_entry_nine_rooms, minmay_misc_feat_tower,
          minmay_mini_ossuary
D:5:      layout_loops_ring, riverfiend_overflow_shadow_ancestor,
          kennysheep_mini_moat
D:6:      layout_loops_cross, fedhas_altar_3, lemuel_crystal_altar
D:7:      layout_layer_cave, minmay_increasing_density
Temple:   compressed_dpeg_triangle_lava_temple

Skill      XL: |  1  2  3  4  5  6  7  8 |
---------------+-------------------------+-----
Staves         | 3 4 5 6 7 |  7.0
Dodging        | 4 5 |  5.4
Armour         | 1 2 3 |  3.3
Fighting       | 3 4 5 |  5.1
Stealth        | 1 |  1.4
Throwing       | |  1.7

Action                   |  1- 3 |  4- 6 |  7- 9 || total
-------------------------+-------+-------+-------++-------
Melee: Quarterstaff      |    90 |   134 |   283 ||   507
Invok: Heroism           |       |       |     1 ||     1
  Use: Potion            |       |       |     1 ||     1
       Scroll            |       |       |     1 ||     1
 Stab: Sleeping          |     2 |     1 |       ||     3
Armor: Leather armour    |    25 |    29 |    24 ||    78
       Robe              |       |       |    36 ||    36
Dodge: Dodged            |    62 |    82 |   195 ||   339

Table legend: (Time is in decaauts)
 A = Elapsed time spent in this place.
 B = Non-inter-level travel time spent in this place.
 C = Inter-level travel time spent in this place.
 D = Time resting spent in this place.
 E = Time spent auto-exploring this place.
 F = Levels seen in this place.
 G = Mean time per level.
                   A        B        C        D        E       F      G
               +--------+--------+--------+--------+--------+-----+--------+
         Total |   7631 |   7514 |    117 |    474 |   5784 |   8 |  953.9 |
       Dungeon |   7333 |   7233 |    100 |    474 |   5532 |   7 | 1047.6 |
        Temple |    298 |    281 |     17 |      0 |    252 |   1 |  298.0 |
               +--------+--------+--------+--------+--------+-----+--------+

Top non-repeatable levels by time:
     D:4: 1839 daAuts
     D:6: 1223 daAuts
     D:5: 1086 daAuts
     D:1: 948 daAuts
     D:2: 896 daAuts
     D:3: 791 daAuts
     D:7: 547 daAuts
  Temple: 298 daAuts
